 Dungeon Crawl Stone Soup version 0.17.1-2-g5865329 (webtiles) character file.

4947 NobbyNobbs the Fighter (level 10, 0/66 HPs)
             Began as a Gargoyle Fighter on Feb 1, 2016.
             Was a High Priest of Okawaru.
             Killed by divine providence
             ... invoked by an orc priest
              (9 damage)
             ... on level 8 of the Dungeon.
             The game lasted 00:14:44 (6570 turns).

NobbyNobbs the Fighter (Gargoyle Fighter)           Turns: 6570, Time: 00:14:45

Health: 0/66       AC: 17    Str: 31    XL:     10   Next: 52%
Magic:  10/10      EV:  9    Int:  9    God:    Okawaru [*****.]
Gold:   320        SH: 13    Dex:  9    Spells: 0 memorised, 9 levels left

rFire  . . .     SeeInvis .     r - +3 mace (holy)
rCold  . . .     Clarity  .     b - +0 scale mail
rNeg   + . .     SustAt   .     c - +1 shield
rPois  ∞         Gourm    .     y - +0 helmet
rElec  +         Spirit   .     G - +0 cloak
rCorr  +         Warding  .     (no gloves)
rMut   .         Stasis   .     (no boots)
MR     .....                    k - amulet of resist corrosion
Stlth  ..........               (no ring)
                                B - +3 ring of strength (curse)

@: mighty, not resistant to hostile enchantments, extremely unstealthy
A: negative energy resistance 1, electricity resistance, unbreathing,
petrification resistance, rot immunity, AC +7
a: Heroism, Finesse, Renounce Religion


You were on level 8 of the Dungeon.
You worshipped Okawaru.
Okawaru was extremely pleased with you.
You were not hungry.

You visited 2 branches of the dungeon, and saw 9 of its levels.

You collected 320 gold pieces.

Inventory:

Hand Weapons
 r - a +3 mace of holy wrath (weapon)
Missiles
 q - 8 poisoned javelins (quivered)
Armour
 b - a +0 scale mail (worn)
 c - a +1 shield (worn)
 y - a +0 helmet (worn)
 G - a +0 cloak (worn)
Jewellery
 k - an amulet of resist corrosion (around neck)
 B - a cursed +3 ring of strength (left hand)
Wands
 j - a wand of random effects (17)
Scrolls
 i - 6 scrolls of remove curse
 o - a scroll of noise
 t - a scroll of fear {unknown}
 u - 3 scrolls of enchant armour
 w - a scroll of magic mapping {unknown}
 A - a scroll of random uselessness {unknown}
Potions
 a - a potion of berserk rage
 d - a potion of might
 g - a potion of curing
 l - a potion of haste
 s - a potion of poison
 x - a potion of lignification
 C - a potion of agility
 D - a potion of resistance {unknown}
 E - a potion of flight {unknown}
Books
 F - an Akashic Record

   Spells                             Type                      Level
   a - Dispersal                      Translocation                6
   b - Malign Gateway                 Summoning/Translocation      7
   c - Disjunction                    Translocation                8
   d - Controlled Blink               Translocation                8
Comestibles
 e - 3 bread rations
 f - a beef jerky
 h - 5 chunks of flesh
 n - 2 meat rations
 v - 3 fruits
 z - a royal jelly


   Skills:
 + Level 9.1 Fighting
 + Level 9.0 Maces & Flails
 + Level 7.5 Armour
 - Level 1.0 Dodging
 + Level 8.8 Shields


You had 9 spell levels left.
You didn't know any spells.

Dungeon Overview and Level Annotations

Branches:
Dungeon (8/15)             Temple (1/1) D:4
   Lair: D:8-11

Altars:
Ashenzari
Cheibriados
Dithmenos
Elyvilon
Fedhas
Kikubaaqudgha
Makhleb
Nemelex Xobeh
Okawaru
Qazlal
Ru
Sif Muna
Trog
Vehumet
Xom
Yredelemnul
Zin
The Shining One


Innate Abilities, Weirdness & Mutations

You are resistant to torment.
Your stone body is resilient (AC +7).
You are immune to poison.
You resist negative energy.
You are resistant to electric shocks.
You can survive without breathing.
You are immune to petrification.
You are immune to rotting.


Message History

Okawaru accepts your kill. The orc completely misses you.
The orc wizard misses you.
The orc priest mumbles some strange prayers to Beogh against you.
Something smites you!
* * * LOW HITPOINT WARNING * * *
You sock the orc warrior!
The orc warrior is heavily wounded.
You block the orc's attack. The orc wizard closely misses you.
Read which item? (? for menu, Esc to quit)
Okay, then.
Drink which item? (? for menu, Esc to quit)
Okay, then.
Read which item? (? for menu, Esc to quit)
As you read the scroll labeled YZXINO UHOMIDUST, it crumbles to dust.
You hear a loud clanging noise!
It was a scroll of noise.
You block the orc warrior's attack.
The orc wizard hits you but does no damage.
The orc priest mumbles some strange prayers to Beogh against you.
Something smites you!
You die...

#$##.......#
..##.......##..........#
..##.......##..........#
..##.......##..........#
#>####.#'####..........'
### #.#.# #..........#
#.#.# #...oo.....#
#.#.####)..ooo....#
######.#.##....o@#
.......#.##.####.#
########.##.# #.# #(##.#
#.# #.##.# ##.#
#.##.###..# #.##).....#
#.........# ########.##


You could see an orc warrior, 2 orc priests, an orc wizard and 2 orcs.

Vanquished Creatures
  Erolcha (D:8)
  Pikel (D:4)
  A two-headed ogre (D:8)
  Grinder (D:4)
  Prince Ribbit (D:8)
  Grum (D:8)
  3 wolves (D:8)
  Duvessa (D:7)
  A black bear (D:8)
  2 orc warriors
  2 ice beasts
  A sky beast (D:5)
  An eye of draining (D:7)
  3 ogres
  2 slaves (D:4)
  3 centaurs
  Dowan (D:7)
  2 scorpions (D:5)
  2 giant frogs
  3 wights (D:6)
  A crimson imp (D:7)
  A quasit (D:7)
  A hound (D:8)
  4 orc priests
  2 jellies
  Crazy Yiuf (D:7)
  Ijyb (D:3)
  2 centaur skeletons
  6 orc wizards
  5 worker ants
  3 iguanas
  A hound zombie (D:7)
  A hound skeleton (D:4)
  A worker ant zombie (D:5)
  Robin (D:4)
  3 gnolls (D:3)
  5 adders
  A shadow imp (D:4)
  5 worms
  2 adder skeletons
  2 giant geckos
  26 orcs
  22 goblins
  10 hobgoblins
  4 jackals (D:2)
  7 kobolds
  5 quokkas
  2 ball pythons
  3 bats (D:1)
  6 giant cockroaches
  7 giant newts
  6 rats
180 creatures vanquished.

Vanquished Creatures (others)
  A goblin (D:4)
1 creature vanquished.

Grand Total: 181 creatures vanquished

Notes
Turn   | Place    | Note
--------------------------------------------------------------
     0 | D:1      | NobbyNobbs the Gargoyle Fighter began the quest for the Orb.
     0 | D:1      | Reached XP level 1. HP: 14/14 MP: 1/1
   227 | D:1      | Reached XP level 2. HP: 19/19 MP: 2/2
   608 | D:1      | Reached XP level 3. HP: 23/23 MP: 3/3
   815 | D:2      | Reached skill level 1 in Dodging
  1283 | D:3      | Reached skill level 4 in Fighting
  1308 | D:3      | Reached XP level 4. HP: 26/29 MP: 4/4
  1666 | D:3      | Reached skill level 5 in Fighting
  1666 | D:3      | Reached XP level 5. HP: 33/35 MP: 5/5
  1723 | D:3      | Noticed Ijyb
  1746 | D:3      | Killed Ijyb
  1910 | D:3      | You fall through a shaft for 3 floors!
  1913 | D:6      | Found a deep blue altar of Sif Muna.
  2030 | D:6      | Reached XP level 6. HP: 10/41 MP: 6/6
  2301 | D:6      | Found a sacrificial altar of Ru.
  2310 | D:5      | Entered Level 5 of the Dungeon
  2385 | D:5      | Reached skill level 6 in Fighting
  2530 | D:4      | Found a stormy altar of Qazlal.
  2568 | D:4      | Found a staircase to the Ecumenical Temple.
  2584 | Temple   | Entered the Ecumenical Temple
  2867 | Temple   | Became a worshipper of Warmaster Okawaru
  2982 | D:3      | Reached XP level 7. HP: 42/47 MP: 7/7
  3131 | D:4      | Noticed Robin
  3147 | D:4      | Killed Robin
  3202 | D:4      | Noticed Grinder
  3218 | D:4      | Paralysed by Grinder for 6 turns
  3225 | D:4      | HP: 2/47 [Grinder/nerve-wracking pain (11)]
  3232 | D:4      | Killed Grinder
  3232 | D:4      | Reached skill level 5 in Maces & Flails
  3250 | D:4      | Noticed Pikel
  3447 | D:4      | Found a sacrificial altar of Ru.
  3476 | D:4      | Killed Pikel
  3476 | D:4      | Reached * piety under Okawaru
  3476 | D:4      | Reached ** piety under Okawaru
  3476 | D:4      | Reached skill level 7 in Fighting
  3476 | D:4      | Reached XP level 8. HP: 51/53 MP: 8/8
  3654 | D:4      | Reached skill level 5 in Shields
  4167 | D:5      | Reached skill level 5 in Armour
  4202 | D:5      | Reached *** piety under Okawaru
  4202 | D:5      | Received a gift from Okawaru
  4202 | D:5      | Reached XP level 9. HP: 25/59 MP: 9/9
  4490 | D:5      | Reached skill level 8 in Fighting
  4743 | D:6      | Found a shimmering altar of Xom.
  4796 | D:6      | Found a burning altar of Makhleb.
  5156 | D:7      | Noticed Duvessa
  5157 | D:7      | Noticed Dowan
  5165 | D:7      | Killed Duvessa
  5172 | D:7      | Killed Dowan
  5366 | D:7      | Found a sparkling altar of Nemelex Xobeh.
  5479 | D:7      | Noticed Crazy Yiuf
  5484 | D:7      | Killed Crazy Yiuf
  5955 | D:8      | Noticed Prince Ribbit
  5975 | D:8      | Killed Prince Ribbit
  6178 | D:8      | Reached XP level 10. HP: 62/65 MP: 10/10
  6193 | D:8      | Noticed Grum
  6194 | D:8      | Reached **** piety under Okawaru
  6226 | D:8      | Killed Grum
  6528 | D:8      | Noticed Erolcha
  6546 | D:8      | Killed Erolcha
  6546 | D:8      | Reached ***** piety under Okawaru
  6546 | D:8      | Reached skill level 9 in Fighting
  6570 | D:8      | Killed from afar by an orc priest

Action                   |  1- 3 |  4- 6 |  7- 9 | 10-12 || total
-------------------------+-------+-------+-------+-------++-------
Melee: Flail             |   175 |    41 |       |       ||   216
       Mace              |       |   147 |   405 |    62 ||   614
  Use: Scroll            |     5 |       |     7 |     1 ||    13
       Potion            |       |     1 |     2 |     3 ||     6
  Eat: Chunk             |     1 |     4 |    13 |     1 ||    19
       Fruit             |       |     1 |       |       ||     1
